 Dungeon Crawl Stone Soup version 0.31-a0-166-g46f44d267d (webtiles) character file.

Game seed: 4227085166725986494

47067 Gargoyl the Cleaver (level 14, 0/92 HPs)
             Began as a Gargoyle Berserker on June 14, 2023.
             Was an Elder of Trog.
             Slain by a sun demon (16 damage)
             ... on level 5 of the Lair of Beasts.
             The game lasted 00:23:29 (14496 turns).

Gargoyl the Cleaver (Gargoyle Berserker)           Turns: 14496, Time: 00:23:30

Health: 0/92       AC: 29    Str: 20    XL:     14   Next: 40%
Magic:  14/14      EV: 15    Int: 10    God:    Trog [****..]
Gold:   913        SH:  0    Dex: 13    Spells: 13/13 levels left

rFire   . . .        d - +7 dire flail of Uskegg {spect, Will+}
rCold   . . .        (shield currently unavailable)
rNeg    + . .        q - +0 chain mail
rPois   ∞            (no helmet)
rElec   +            g - +2 cloak
rCorr   .            p - +2 pair of gloves
SInv    +            (no boots)
Will    ++++.        y - amulet of regeneration Stlth
                     u - +5 ring of evasion
HPRegen 2.15/turn    A - ring of see invisible
MPRegen 0.14/turn

%: no passive effects
@: confused, ambrosia-drunk, strong-willed, spiked, flying, regenerating
A: sickness immunity, AC +10, big wings, negative energy resistance 1,
electricity resistance, torment resistance 1, petrification resistance
a: Renounce Religion, Berserk, Trog's Hand, Brothers in Arms


You were on level 5 of the Lair of Beasts.
You worshipped Trog.
Trog was greatly pleased with you.
You visited 2 branches of the dungeon, and saw 14 of its levels.

You collected 913 gold pieces.

Inventory:

Hand Weapons
 a - a +0 hand axe
 d - the +7 dire flail of Uskegg (weapon) {spect, Will+}
   (You took it off an ogre on level 7 of the Dungeon)

   Will:      It increases your willpower.
 h - a +3 war axe
Missiles
 b - 6 curare-tipped darts (quivered)
 I - 6 poisoned darts
Armour
 g - a +2 cloak (worn)
 p - a +2 pair of gloves (worn)
 q - a +0 chain mail (worn)
 G - a +0 kite shield
Jewellery
 u - a +5 ring of evasion (left hand)
 y - an amulet of regeneration (around neck)
 A - a ring of see invisible (right hand)
 J - a ring of protection from cold
Wands
 i - a wand of quicksilver (20)
 o - a wand of digging (14)
 w - a wand of mindburst (17)
 x - a wand of polymorph (8)
 B - a wand of charming (5)
 D - a wand of roots (6)
Scrolls
 f - 2 scrolls of teleportation
 k - 2 scrolls of revelation
 z - a scroll of fear
 K - a scroll of identify
 L - a scroll of fog {unknown}
 M - a scroll of noise {unknown}
Potions
 c - 2 potions of magic
 e - 2 potions of invisibility
 j - 2 potions of cancellation
 l - 2 potions of mutation {unknown}
 m - 2 potions of degeneration {unknown}
 n - 6 potions of ambrosia
 r - 2 potions of lignification {unknown}
 s - a potion of might {unknown}
 t - 4 potions of resistance
 v - 2 potions of enlightenment
 C - 2 potions of brilliance {unknown}
 E - 3 potions of heal wounds
 F - 3 potions of curing
 H - a potion of berserk rage {unknown}


   Skills:
 + Level 12.6 Fighting
 + Level 14.4(15.3) Axes
 + Level 9.5(13.7) Maces & Flails
 + Level 11.1 Armour
 + Level 5.3 Dodging
 + Level 3.3 Stealth
 + Level 5.6 Shields


You had 13 spell levels left.
You didn't know any spells.
Your spell library was empty.

Dungeon Overview and Level Annotations

Branches:
Dungeon (9/15)             Temple (0/1) D:6            Lair (5/5) D:9
 Shoals (0/4) Lair:3        Snake (0/4) Lair:2        Slime (0/5) Lair:4
    Orc: D:9-12

Altars:
Makhleb
Uskayaw
Xom
Jiyva

Shops:
D:5 (   D:7 (


Innate Abilities, Weirdness & Mutations

You are immune to sickness and miasma.
Your stone body is resilient. (AC +10)
You are immune to poison.
Your large and strong wings let you fly.
You resist negative energy. (rN+)
You are resistant to electric shocks. (rElec)
You are resistant to unholy torment.
You are immune to petrification.


Message History

Your +7 dire flail of Uskegg {spect, Will+} disappears.
The ice devil hits you but does no damage.
Unknown command.
The barbed spikes dig painfully into your body as you move.
Unknown command.
You hit the ice devil but do no damage.
The ice devil is heavily wounded.
Your +7 dire flail of Uskegg {spect, Will+} hits the ice devil but does no damage.
The ice devil hits your +7 dire flail of Uskegg {spect, Will+} but does no damage.
The barbed spikes dig painfully into your body as you move.
Your +7 dire flail of Uskegg {spect, Will+} disappears.
The ice devil hits you but does no damage.
The sun demon closely misses you.
Unknown command.
The barbed spikes dig painfully into your body as you move.
The ice devil hits you! The ice devil freezes you!!
* * * LOW HITPOINT WARNING * * *
The sun demon hits you but does no damage.
You are more confused.
You feel more invigorated. The sun demon closely misses you.
The ice devil hits you.
* * * LOW HITPOINT WARNING * * *
The ice devil freezes you!
* * * LOW HITPOINT WARNING * * *
Unknown command.
You bump into the stone wall.
The sun demon barely misses you. The ice devil misses you.
The red devil hits you but does no damage.
Unknown command.
You puncture the ice devil!
The ice devil is almost dead.
Your +7 dire flail of Uskegg {spect, Will+} hits the ice devil but does no damage.
The sun demon closely misses you.
Unknown command.
You puncture the ice devil!
You kill the ice devil!
Trog accepts your kill.
Your +7 dire flail of Uskegg {spect, Will+} disappears.
The red devil completely misses you. The sun demon hits you!
You die...

## ≈≈§ #############§§≈§ ♣♣
#......@.#..§..§≈ .♣♣
#...8.843#....§§. ..♣
#..8.#.4)4...._.. ..♣
#...8.#.†#.....§. .♣♣
#..#.8...#....... ♣♣
#...#.8..############## ♣
#..8.8...')............ ♣
#........#...8....8....
♣♣♣♣♣+#########.............


You could see a sun demon, a hellwing, an ice devil and a red devil.

Vanquished Creatures
  The ghost of Jaike the Severer, a journeyman HOFi of Okawaru (Lair:4)
  7 hydras
  2 catoblepae
  A centaur warrior (D:9)
  A boulder beetle (Lair:4)
  2 skysharks
  A wizard (Lair:5)
  The ghost of niknal the Insei, a novice OpTm (D:7)
  Pikel (D:5)
  A lindwurm (Lair:5)
  The ghost of fishfingerz the Chiller, a novice MfIE (D:7)
  16 elephants
  A merfolk siren (Lair:3)
  5 black mambas
  Joseph (D:7)
  An orange demon (Lair:5)
  19 cane toads
  Psyche (D:8)
  7 rime drakes
  16 komodo dragons
  A queen bee (Lair:2)
  An ice devil (Lair:5)
  A red devil (Lair:5)
  8 polar bears
  3 blink frogs (Lair:1)
  8 dream sheep (Lair:5)
  20 yaks
  A wyvern (Lair:3)
  4 steam dragons
  3 basilisks
  Edmund (D:6)
  4 nagas (Lair:2)
  17 water moccasins
  4 hell hounds (Lair:5)
  Duvessa (D:4)
  4 orc warriors
  2 black bears
  An ice beast (D:5)
  3 sky beasts (D:7)
  6 ogres
  8 wolves
  3 centaurs
  3 lemures (D:5)
  15 bullfrogs
  5 scorpions
  10 wights
  Dowan (D:4)
  19 killer bees (Lair:2)
  5 howler monkeys
  5 orc priests
  3 hounds
  3 gnoll boudas
  A sleepcap (D:6)
  6 iguanas
  6 orc wizards
  16 gnolls
  11 adders
  2 shadow imps (D:7)
  An ufetubus (D:6)
  4 worms
  5 dart slugs
  29 orcs
  7 endoplasms
  3 giant cockroaches
  9 goblins
  7 hobgoblins
  2 jackals (D:5)
  5 kobolds
  3 quokkas
  6 ball pythons
  2 bats (D:1)
  2 frilled lizards
  A spectral weapon (Lair:5)
387 creatures vanquished.

Vanquished Creatures (others)
  3 spectral weapons (Lair:5)
3 creatures vanquished.

Grand Total: 390 creatures vanquished

Notes
Turn   | Place    | Note
-------+----------+-------------------------------------------
     0 | D:1      | Gargoyl the Gargoyle Berserker began the quest for the Orb.
     0 | D:1      | Reached XP level 1. HP: 14/14 MP: 1/1
   165 | D:1      | Reached XP level 2. HP: 16/19 MP: 2/2
   418 | D:1      | Reached skill level 3 in Axes
   795 | D:2      | Reached XP level 3. HP: 21/24 MP: 3/3
   799 | D:2      | Found a hide-covered altar of Uskayaw.
  1045 | D:2      | Reached ** piety under Trog
  1153 | D:2      | Reached XP level 4. HP: 29/29 MP: 4/4
  2146 | D:4      | Noticed a lemure
  2146 | D:4      | Noticed a lemure
  2147 | D:4      | Noticed Pikel
  2148 | D:4      | Noticed a lemure
  2148 | D:4      | Noticed a lemure
  2167 | D:5      | Entered Level 5 of the Dungeon
  2184 | D:5      | Killed a lemure
  2393 | D:5      | Killed a lemure
  2541 | D:5      | Killed a lemure
  2542 | D:5      | Killed Pikel
  2543 | D:5      | Reached skill level 5 in Axes
  2543 | D:5      | Reached skill level 1 in Stealth
  2543 | D:5      | Reached XP level 5. HP: 24/34 MP: 5/5
  2543 | D:5      | Reached XP level 6. HP: 28/40 MP: 6/6
  2543 | D:5      | Reached XP level 7. HP: 31/44 MP: 7/7
  2659 | D:4      | Reached skill level 5 in Fighting
  2842 | D:4      | Reached skill level 6 in Axes
  2854 | D:4      | Reached XP level 8. HP: 42/50 MP: 8/8
  3287 | D:4      | Noticed Duvessa
  3287 | D:4      | Noticed Dowan
  3296 | D:4      | Killed Dowan
  3300 | D:4      | Killed Duvessa
  3578 | D:5      | Reached skill level 7 in Axes
  3824 | D:5      | Reached skill level 5 in Armour
  3857 | D:5      | Found Qamasaewk's Weapon Boutique.
  3879 | D:5      | Reached XP level 9. HP: 48/56 MP: 9/9
  3955 | D:5      | Reached skill level 8 in Axes
  4644 | D:6      | Found a staircase to the Ecumenical Temple.
  4658 | D:6      | Found a runed translucent door.
  4679 | D:6      | Noticed Edmund
  4694 | D:6      | Killed Edmund
  4703 | D:6      | HP: 2/57 [gnoll/+2 halberd of distortion[a gnoll bouda]
                  | (21)]
  4928 | D:6      | Noticed fishfingerz's ghost (novice MfIE)
  5188 | D:6      | Reached skill level 9 in Axes
  5311 | D:7      | Noticed Joseph
  5329 | D:7      | Killed Joseph
  5486 | D:7      | Found a transporter.
  5487 | D:7      | Found a transporter.
  5488 | D:7      | Noticed niknal's ghost (novice OpTm)
  5490 | D:7      | Identified the +7 dire flail of Uskegg {spect, Will+}
  5569 | D:7      | Reached XP level 10. HP: 64/64 MP: 10/10
  5594 | D:7      | Reached skill level 10 in Axes
  5684 | D:7      | Found Hauce's Weapon Shop.
  5903 | D:7      | Killed fishfingerz's ghost
  6384 | D:7      | Killed niknal's ghost
  6773 | D:8      | Found a shimmering altar of Xom.
  6916 | D:8      | Reached skill level 11 in Axes
  7398 | D:8      | Noticed Psyche
  7417 | D:8      | Killed Psyche
  7885 | D:9      | Noticed a centaur warrior
  7902 | D:9      | Killed a centaur warrior
  7903 | D:9      | Reached XP level 11. HP: 69/69 MP: 9/11
  8067 | D:9      | Found a staircase to the Lair.
  8097 | D:9      | Reached skill level 12 in Axes
  8640 | Lair:1   | Entered Level 1 of the Lair of Beasts
  8906 | Lair:1   | Reached skill level 1 in Shields
  9557 | Lair:1   | Reached skill level 13 in Axes
 10012 | Lair:2   | Reached XP level 12. HP: 77/77 MP: 8/12
 10031 | Lair:2   | HP: 1/77 [killer bee (5)]
 10296 | Lair:2   | Reached skill level 10 in Fighting
 10591 | Lair:2   | Found a staircase to the Snake Pit.
 10726 | Lair:2   | You fall into a shaft and drop 1 floor!
 11093 | Lair:3   | Reached skill level 14 in Axes
 11201 | Lair:3   | Noticed a catoblepas
 11227 | Lair:3   | Killed a catoblepas
 11374 | Lair:3   | Noticed a skyshark
 11390 | Lair:3   | Killed a skyshark
 11689 | Lair:3   | Found a staircase to the Shoals.
 11852 | Lair:4   | Noticed a seven-headed hydra
 12184 | Lair:2   | Reached skill level 5 in Shields
 12202 | Lair:2   | Reached XP level 13. HP: 84/84 MP: 13/13
 12224 | Lair:2   | Reached skill level 1 in Maces & Flails
 12239 | Lair:2   | Reached *** piety under Trog
 12600 | Lair:3   | Reached skill level 10 in Armour
 12600 | Lair:3   | Reached skill level 5 in Dodging
 12738 | Lair:4   | Found a staircase to the Slime Pits.
 12739 | Lair:4   | Found a viscous altar of Jiyva.
 12783 | Lair:4   | Found a runed translucent door.
 12784 | Lair:4   | Noticed Jaike's ghost (journeyman HOFi)
 13406 | Lair:4   | Killed Jaike's ghost
 13417 | Lair:4   | Identified the staff of poison "Wore" {*Slow rPois Str+5
                  | Int+4}
 13430 | Lair:5   | Entered Level 5 of the Lair of Beasts
 13438 | Lair:5   | Reached skill level 5 in Maces & Flails
 13694 | Lair:5   | Gained mutation: Your large and strong wings let you fly.
                  | [Gargoyle growth]
 13694 | Lair:5   | Reached XP level 14. HP: 91/92 MP: 14/14
 13977 | Lair:5   | Reached **** piety under Trog
 14443 | Lair:5   | Found a burning altar of Makhleb.
 14493 | Lair:5   | HP: 2/92 [ice devil (11)]
 14496 | Lair:5   | Slain by a sun demon

Illustrated notes

Levels and vault maps discovered:
D:1:      minmay_arrival_wavy_path, layout_loops_ring,
          chequers_serial_rivers_micro_c
D:2:      layout_basic, basic_altar, wander_ebering_terrifying_dragon_lair
D:3:      layout_basic, chequers_garden
D:4:      minmay_thinvault, layout_gridville, uniq_pikel, uniq_duvessa
D:5:      layout_basic, serial_shops, nicolae_shop_tiny_real_fake_doors,
          serial_glass, glass_columns_a, glass_columns_b
D:6:      lemuel_ice_spiral_2, layout_rooms, minmay_temple_entry_junction,
          ebering_ghost_sewer_d, uniq_edmund
D:7:      layout_basic, serial_shops, shop_coins, gammafunk_ghost_smash,
          uniq_joseph
D:8:      layout_gridville, mainiacjoe_overflow_paths, uniq_psyche
D:9:      layout_cave_pods, dpeg_oklobed_lair, st_stairs_1
Lair:1:   layout_roguey, nicolae_lair_lil_pond, minmay_holes,
          beast_lair_carwin_3
Lair:2:   layout_long_grid, minmay_snake_entry_guardpost_small, special_room
          [special_room_bee], grunt_megastairs_2, infiniplex_staircase_pool_2
Lair:3:   layout_regular_city, minmay_shoals_entry_lonely_mermaid
Lair:4:   layout_loops_ring, slime_entry_1, ebering_ghost_inner_flame,
          lemuel_fruit_tree
Lair:5:   evil_forest, layout_loops_ring, grunt_megastairs_3

Skill      XL: |  1  2  3  4  5  6  7  8  9 10 11 12 13 14 |
---------------+-------------------------------------------+-----
Axes           | 3 5 6 7 9 11 13 14 | 14.4
Dodging        | 2 3 4 5 |  5.3
Fighting       | 4 5 6 7 8 9 11 12 | 12.6
Armour         | 3 4 5 7 8 9 10 11 | 11.1
Stealth        | 1 2 3 |  3.3
Shields        | 2 5 |  5.6
Maces & Flails | 7 9 |  9.5

Action                     |  1- 3 |  4- 6 |  7- 9 | 10-12 | 13-15 || total
---------------------------+-------+-------+-------+-------+-------++-------
  Melee: Hand axe          |    40 |       |       |       |       ||    40
         Punch             |     2 |     1 |     4 |     4 |       ||    11
         War axe           |    53 |    63 |   339 |   802 |    39 ||  1296
         Dire flail        |       |       |       |     9 |   316 ||   325
 Invoke: Berserk           |     1 |     2 |    14 |    20 |     4 ||    41
         Trog's Hand       |     1 |     2 |     8 |    17 |     8 ||    36
    Use: Scroll            |     2 |     5 |     6 |    14 |     1 ||    28
         Potion            |       |       |     5 |     4 |     4 ||    13
   Stab: Distracted        |       |       |       |       |     3 ||     3
 Armour: Animal skin       |     9 |       |       |       |       ||     9
         Ring mail         |    35 |    46 |    50 |       |       ||   131
         Chain mail        |       |       |   190 |   524 |   281 ||   995
  Dodge: Dodged            |    64 |    48 |   227 |   602 |   314 ||  1255
  Block: Kite shield       |       |       |       |   285 |       ||   285

Table legend: (Time is in decaauts)
 A = Elapsed time spent in this place.
 B = Non-inter-level travel time spent in this place.
 C = Inter-level travel time spent in this place.
 D = Time resting spent in this place.
 E = Time spent auto-exploring this place.
 F = Levels seen in this place.
 G = Mean time per level.
                   A        B        C        D        E       F      G
               +--------+--------+--------+--------+--------+-----+--------+
         Total |  14793 |  14053 |    740 |   1392 |   9004 |  14 | 1056.6 |
       Dungeon |   9116 |   8663 |    453 |    880 |   5793 |   9 | 1012.9 |
          Lair |   5677 |   5390 |    287 |    512 |   3211 |   5 | 1135.4 |
               +--------+--------+--------+--------+--------+-----+--------+

Top non-repeatable levels by time:
     D:5: 1623 daAuts
  Lair:3: 1362 daAuts
     D:7: 1311 daAuts
  Lair:1: 1308 daAuts
  Lair:2: 1290 daAuts
     D:8: 1259 daAuts
     D:4: 1132 daAuts
     D:9: 1048 daAuts
  Lair:5: 1008 daAuts
     D:2: 934 daAuts
     D:1: 729 daAuts
  Lair:4: 707 daAuts
     D:6: 610 daAuts
     D:3: 465 daAuts
